Cogmind - Beta 16.1 @@@ ROGUE MODE // 2026.03.02 @ 21:45:58 Player: morimori Result: Escaped! Performance ------------- Evolutions (9) 4500 Regions Visited (29) 5800 Robots Destroyed (285) 1425 Value Destroyed (10125) 10125 Prototype IDs (48) 960 Alien Tech Used (4) 800 Bonus (9132) 9132 TOTAL SCORE: 32742 Bonus ------- High Alert Combat Kills 875 Follower Combat Kills 1726 Network Hubs Disabled 200 Met Zhirov 300 Met Warlord at Base 500 MAIN.C Attacked Warlord 500 Met R17 at Cetus 500 Met Warlord at Research 2000 Win 3000 Friendly Fire -469 Cogmind --------- Core Integrity 1401/1600 Matter 52/300 Energy 566/590 System Corruption 9% Temperature Cool (16) Movement Walking (120) Location To Epsilon Eridani Parts ------- > --- POWER (2) -------- Particle Reactor Quantum Reactor > --- PROPULSION (8) --- Centrium Leg Centrium Leg Centrium Leg High-density Centrium Leg High-density Centrium Leg High-density Centrium Leg High-density Centrium Leg High-density Centrium Leg > --- UTILITY (13) ----- Advanced Heat Sink Advanced Heat Sink Huge Storage Unit Advanced Launcher Guidance Computer Advanced Target Analyzer Advanced Target Analyzer Experimental Armor Integrity Analyzer Advanced Transmission Jammer Advanced Force Field Advanced Hacking Suite Advanced Hacking Suite Advanced Hacking Suite > --- WEAPON (3) ------- Railgun Railgun Fusion Bomb Launcher > --- INVENTORY (25) --- Reinforced Antimatter Reactor Light Particle Reactor Micro Antimatter Reactor Centrium Leg Centrium Leg Centrium Leg Advanced Heat Sink Advanced Coolant Injector High-capacity Storage Unit Graphene Brace Improved Point Defense System Advanced Recalibrator Subatomic Replicator Long-range Proton Cannon Enhanced Nova Cannon Enhanced Nova Cannon Heavy Machine Gun Railgun Advanced KE Penetrator Linear Accelerator Linear Accelerator Compact Linear Accelerator Fusion Bomb Launcher Fusion Bomb Launcher Plasma Lance Peak State ------------ > --- POWER ------------ Reinforced Antimatter Reactor Quantum Reactor > --- PROPULSION ------- Centrium Leg Centrium Leg Centrium Leg High-density Centrium Leg High-density Centrium Leg High-density Centrium Leg High-density Centrium Leg High-density Centrium Leg > --- UTILITY ---------- Huge Storage Unit Advanced Sensor Array Long-range Terrain Scanner Advanced Launcher Guidance Computer Advanced Launcher Guidance Computer Advanced Target Analyzer Experimental Armor Integrity Analyzer Advanced Transmission Jammer Experimental Reaction Control System Advanced Force Field Advanced Hacking Suite Advanced Hacking Suite Advanced Hacking Suite > --- WEAPON ----------- Railgun Railgun Advanced KE Penetrator > --- INVENTORY -------- Light Particle Reactor Micro Antimatter Reactor Improved Thunder Leg Centrium Leg Centrium Leg Advanced Coolant Injector High-capacity Storage Unit Graphene Brace Advanced Recalibrator Subatomic Replicator Long-range Proton Cannon Enhanced Nova Cannon Enhanced Nova Cannon Railgun Heavy Gauss Cannon Heavy Gauss Cannon Heavy Gauss Cannon Compact Linear Accelerator Fusion Bomb Launcher Fusion Bomb Launcher Fusion Bomb Launcher Thunder Hammer Plasma Lance [Rating: 222] Favorites ----------- Power Improved Ion Engine Engine Improved Ion Engine Power Core Light Fission Core Reactor Light Antimatter Reactor Propulsion High-density Centrium Leg Treads Light Treads Leg High-density Centrium Leg Wheel Wheel Hover Unit Gravmag Array Flight Unit Cooled Impulse Thruster Utility Advanced Hacking Suite Device Experimental Sensor Array Storage High-capacity Storage Unit Processor Advanced Signal Interpreter Hackware Advanced Hacking Suite Protection Hardened Light Armor Plating Weapon Improved Medium Laser Energy Gun Improved Medium Laser Energy Cannon Phase Cannon Ballistic Gun Advanced KE Penetrator Ballistic Cannon Enhanced Hardcell Cannon Launcher Missile Launcher Impact Weapon Thunder Hammer Slashing Weapon Phasing Sabre Piercing Weapon Lance Build | -11 -10 -10 -9 -9 -8 -7 -7 -7 -6 -6 -6 -6 -6 -5 -5 -5 -5 -5 -5 -4 -4 -4 -4 -4 -3 -3 -3 -2 -1 ------- Run | Yrd Mat Min Mat Min Mat Fac Was Fac Fac Ext Cet Arc Hub Fac Was Fac Upp Upp Zhi Pro Fac Upp Upp War Pro Res Qua Res Acc Slots Evolved 18 | . . . 2 . 2 2 . . 2 . . . . 2 . . . . . . 2 . . . . 2 . 2 2 Power 1 | . . . . . . . . . . . . . . . . . . . . . . . . . . 1 . . . Propulsion 6 | . . . . . 2 1 . . . . . . . 1 . . . . . . . . . . . . . . 2 Utility 11 | . . . 2 . . 1 . . 2 . . . . 1 . . . . . . 2 . . . . 1 . 2 . Weapon . | . . . . . . . . . . . . . . . . . . . . . . . . . . . . . . Parts Attached 268 | 7 16 8 22 3 23 2 . 9 3 15 6 9 1 11 . 13 2 . 3 2 22 2 1 19 6 9 9 29 16 Power 26 | 1 4 1 4 . 2 . . 1 . 1 . . . 2 . . . . 1 . 2 . . . . 1 1 2 3 Engine 11 | 1 3 1 4 . 2 . . . . . . . . . . . . . . . . . . . . . . . . Core 5 | . 1 . . . . . . 1 . 1 . . . 2 . . . . . . . . . . . . . . . Reactor 10 | . . . . . . . . . . . . . . . . . . . 1 . 2 . . . . 1 1 2 3 Propulsion 82 | 2 4 1 3 1 12 1 . 4 1 3 1 3 . 3 . 4 2 . . 2 5 . . 13 1 2 2 7 5 Treads 12 | 1 2 . 2 . 2 . . . . 1 . . . . . . . . . . . . . . . 2 2 . . Leg 24 | . . . . . . . . . . . . . . . . . . . . . . . . 11 1 . . 7 5 Wheel 12 | 1 2 1 1 1 6 . . . . . . . . . . . . . . . . . . . . . . . . Hover 33 | . . . . . 4 1 . 4 1 2 1 3 . 3 . 4 2 . . 2 5 . . 1 . . . . . Flight 1 | . . . . . . . . . . . . . . . . . . . . . . . . 1 . . . . . Utility 99 | 2 4 2 6 2 7 1 . 2 1 7 3 3 1 6 . 8 . . 2 . 12 1 1 2 2 6 4 9 5 Device 39 | 1 1 2 1 . 3 . . . . 1 . 2 . 1 . 3 . . 1 . 5 . 1 2 2 3 2 5 3 Storage 7 | 1 3 . . . 1 . . . . 1 . . . 1 . . . . . . . . . . . . . . . Processor 13 | . . . . . 2 . . . 1 1 . 1 . . . . . . . . . . . . . 2 1 4 1 Hackware 20 | . . . . . . . . . . 3 . . 1 4 . 4 . . . . 6 1 . . . . . . 1 Protection 20 | . . . 5 2 1 1 . 2 . 1 3 . . . . 1 . . 1 . 1 . . . . 1 1 . . Artifact . | . . . . . . . . . . . . . . . . . . . . . . . . . . . . . . Weapon 61 | 2 4 4 9 . 2 . . 2 1 4 2 3 . . . 1 . . . . 3 1 . 4 3 . 2 11 3 Energy Gun 17 | 1 3 4 6 . . . . . . . 1 . . . . . . . . . . . . 2 . . . . . Energy Cannon 12 | . . . 1 . . . . 1 1 . . . . . . . . . . . 2 . . . . . 1 5 1 Ballistic Gun 15 | 1 . . . . 1 . . 1 . 3 1 3 . . . 1 . . . . . . . . . . . 4 . Ballistic Cannon 5 | . . . . . . . . . . . . . . . . . . . . . . . . . 3 . . 2 . Launcher 8 | . 1 . 2 . . . . . . . . . . . . . . . . . . 1 . 2 . . . . 2 Special Weapon . | . . . . . . . . . . . . . . . . . . . . . . . . . . . . . . Impact Weapon 1 | . . . . . . . . . . . . . . . . . . . . . . . . . . . 1 . . Slashing Weapon 2 | . . . . . 1 . . . . 1 . . . . . . . . . . . . . . . . . . . Piercing Weapon 1 | . . . . . . . . . . . . . . . . . . . . . 1 . . . . . . . . Special Melee Weapon . | . . . . . . . . . . . . . . . . . . . . . . . . . . . . . . Unidentified Prototypes 29 | . . . 1 . 2 . . 1 . 1 2 1 . . . 1 . . 3 1 1 . . 6 . 3 2 4 . Corrupted Parts 4 | . . 1 . . . . . . . . . 2 . . . . . . . . . . . 1 . . . . . System Corruption 21 | . . 5 . . . . . . . . . 11 . . . . . . . . . . . 5 . . . . . Parts Lost 77 | . 2 2 3 . 13 . . 3 1 4 . . . . . 2 . . . 4 5 . . . . 24 3 7 4 Power 6 | . 1 . . . 1 . . 1 . . . . . . . . . . . 1 . . . . . 1 . . 1 Propulsion 29 | . . 2 2 . 6 . . 2 . 3 . . . . . . . . . 3 3 . . . . 7 1 . . Utility 25 | . 1 . . . 4 . . . . 1 . . . . . 2 . . . . . . . . . 8 2 4 3 Weapon 17 | . . . 1 . 2 . . . 1 . . . . . . . . . . . 2 . . . . 8 . 3 . Highest Loss Streak 12 | . 1 1 1 . 11 . . 2 1 3 . . . . . 1 . . . 4 3 . . . . 12 2 6 1 To Critical Strikes 1 | . . . . . . . . . . . . . . . . . . . . . . . . . . 1 . . . Average Backups 18 | 3 14 19 19 20 19 14 15 14 14 13 13 14 15 15 20 19 19 20 20 19 19 20 20 23 22 17 3 17 23 Power 1 | . 2 2 2 3 3 3 2 1 . 1 1 1 1 1 1 1 1 1 1 . . 1 1 . 1 1 . 1 2 Propulsion 3 | 1 4 6 7 7 6 1 1 . . . . . 1 1 3 3 3 3 2 2 1 . . . 1 2 . 3 2 Utility 7 | . 3 4 4 4 5 6 8 8 9 7 6 7 9 9 11 10 11 12 12 12 12 13 13 16 13 9 2 2 5 Weapon 5 | . 3 5 5 5 3 3 4 4 3 4 5 5 4 4 5 4 4 4 3 3 4 5 5 5 6 4 . 9 12 Tool/Special . | . . . . . . . . . . . . . . . . . . . . . . . . . . . . . . Unused Backups 76 | 1 4 3 14 1 . . . 4 1 3 2 . . 1 . 3 . . 1 . 10 . . 5 . 2 . 2 19 Power 6 | 1 1 1 . . . . . 1 . . . . . . . 1 . . . . . . . . . . . . 1 Propulsion 17 | . 2 . 6 . . . . . . . . . . . . . . . . . 2 . . 1 . . . 2 4 Utility 23 | . 1 . 2 . . . . 2 1 . . . . . . 1 . . 1 . 4 . . 3 . 2 . . 6 Weapon 29 | . . 2 6 1 . . . 1 . 3 2 . . 1 . 1 . . . . 4 . . 1 . . . . 7 Tool/Special 1 | . . . . . . . . . . . . . . . . . . . . . . . . . . . . . 1 Average Slot Usage (%) 92 | . 99 99 94 100 80 99 100 99 79 88 87 93 93 91 88 87 89 88 80 87 90 95 95 99 100 82 61 88 97 Engine 3 | . 13 14 11 11 9 . . . . . . . . . . . . . . . . . . . . . . . . Core 2 | . . . . . . 7 7 6 6 6 6 6 6 5 5 4 5 5 5 4 4 . . . . . . . . Reactor 1 | . . . . . . . . . . . . . . . . . . . . . . 5 5 5 5 3 5 7 6 Treads 3 | . 14 14 10 11 6 . . . . . . . . . . . . . . . . . . . . 1 8 . . Leg 5 | . . . . . . . . . . . . . . . . . . . . . . . . 11 30 18 3 24 29 Wheel 4 | . 14 13 10 11 19 . . . . . . . . . . . . . . . . . . . . . . . . Hover 11 | . . . . . . 38 38 37 30 23 22 26 26 26 23 23 24 23 23 22 25 30 30 18 . . . . . Device 8 | . 13 14 11 11 5 7 7 6 6 4 6 6 11 4 5 6 5 5 4 4 7 4 5 2 9 10 11 7 16 Storage 7 | . 14 14 11 11 9 7 7 7 6 6 6 6 6 5 5 5 5 5 5 5 5 5 5 5 5 3 . 3 3 Processor 6 | . . . . . 3 15 15 15 13 9 13 14 20 11 11 7 5 5 5 5 5 5 5 5 5 4 17 23 15 Hackware 11 | . . . . . . . . . . 18 . . 4 18 23 22 23 23 23 22 27 35 35 35 26 18 9 8 10 Protection 6 | . . . 16 22 9 6 7 7 6 3 18 18 2 3 . 1 5 5 5 5 2 . . 2 4 6 . . . Energy Gun 6 | . 24 28 21 14 11 . . . . . . . . . . . . . . . . . . 2 . . . . . Energy Cannon 2 | . . . . . . . . 2 1 4 5 6 4 4 5 3 4 5 . 4 2 4 4 5 5 . . 4 . Ballistic Gun 3 | . 3 . . . 1 7 7 6 1 7 6 5 7 2 5 4 5 5 . 7 5 . . . . . . 4 10 Launcher 1 | . . . . 7 . . . . . . . . . . . . . . . . . . . 2 1 2 . . . Peak Build Rating 222 | 7 12 16 21 23 40 45 44 54 58 69 79 88 89 104 101 107 111 105 106 115 126 127 128 146 142 162 152 200 222 Average Rating 81 | 5 10 10 20 20 23 44 43 49 49 63 74 83 82 93 101 101 105 105 96 109 115 126 126 136 139 135 107 169 214 On Entrance 76 | . 7 8 13 20 23 40 44 44 46 56 66 78 87 85 101 101 103 105 105 106 103 125 127 128 139 140 36 58 200 Avg Prop Armor Cover (%) 9 | 11 12 13 6 7 12 . . . . . . . . . . . . . . . 4 . . 6 . . 18 23 . Naked Turns . | . . . . . . . . . . . . . . . . . . . . . . . . . . . . . . Heaviest Build 164 | 15 52 50 69 67 104 38 38 47 45 55 70 70 56 66 60 67 61 61 61 70 71 73 106 118 125 158 63 161 164 Greatest Support 250 | 20 20 10 20 10 48 40 40 49 48 48 46 48 50 66 66 67 69 67 67 72 78 70 70 131 128 150 70 190 250 Greatest Overweight (x) 31 | 1 5 4 6 6 31 . . 1 . 1 1 1 1 . . 1 . . . 1 20 1 1 4 . 2 1 1 . Average Overweight (x) 1 | . 3 4 5 6 3 . . . . . 1 1 . . . . . . . . . . . . . . . . . Largest Inventory Capacity 25 | 8 20 20 20 20 25 15 15 15 15 15 15 15 15 20 20 20 20 20 20 20 20 20 25 25 25 25 5 25 25 Average Capacity 19 | 7 17 20 20 20 24 15 15 15 15 15 15 15 15 16 20 20 20 20 20 20 20 20 21 25 25 23 5 24 25 Most Carried 25 | 7 20 20 20 20 24 15 15 15 15 15 15 15 15 20 20 20 20 20 20 20 20 20 23 25 25 25 5 25 25 Average Carried 18 | 3 14 19 19 19 19 14 14 14 14 14 14 14 15 15 20 19 19 20 19 19 19 20 20 24 23 19 4 17 23 Final Capacity 25 | 8 20 20 20 20 15 15 15 15 15 15 15 15 15 20 20 20 20 20 20 20 20 20 25 25 25 25 5 25 25 Final Carried 25 | 7 20 20 20 20 15 15 15 15 15 15 15 15 15 20 20 20 20 20 20 16 20 20 23 25 24 11 4 25 25 Class Distribution -------------------- 19% | Mutant 19% | Wizard-Mutant 18% | Hacker-Mutant 16% | Scavenger-Mutant 8% | Hacker-Gunner 3% | Commander-Mutant 3% | Scout 3% | Scavenger-Scout Dominant Class ---------------- Mutant | -10/Materials Scavenger-Mutant | -10/Mines Scavenger-Mutant | -9/Materials Mutant | -9/Mines Mutant | -8/Materials Scavenger-Scout | -7/Factory Scavenger-Scout | -7/Waste Scout | -7/Factory Scout | -6/Factory Hacker-Scout | -6/Extension Commander-Mutant | -6/Cetus Scavenger-Mutant | -6/Archives Scavenger-Scout | -6/Hub_04(d) Hacker-Mutant | -5/Factory Hacker-Mutant | -5/Waste Hacker-Mutant | -5/Factory Hacker-Mutant | -5/Upper Caves Hacker-Mutant | -5/Upper Caves Hacker-Mutant | -5/Zhirov Hacker-Mutant | -4/Proximity Caves Wizard-Mutant | -4/Factory Wizard-Mutant | -4/Upper Caves Wizard-Mutant | -4/Upper Caves Wizard-Mutant | -4/Warlord Wizard-Mutant | -3/Proximity Caves Wizard-Mutant | -3/Research Hacker-Mutant | -3/Quarantine Hacker-Gunner | -2/Research Hacker-Gunner | -1/Access Resources | -11 -10 -10 -9 -9 -8 -7 -7 -7 -6 -6 -6 -6 -6 -5 -5 -5 -5 -5 -5 -4 -4 -4 -4 -4 -3 -3 -3 -2 -1 ----------- Run | Yrd Mat Min Mat Min Mat Fac Was Fac Fac Ext Cet Arc Hub Fac Was Fac Upp Upp Zhi Pro Fac Upp Upp War Pro Res Qua Res Acc Matter Collected 9419 | 332 240 130 547 249 370 78 . 79 297 623 149 378 38 285 . 549 276 76 121 313 492 101 80 377 302 1323 67 488 1059 Remotely 1555 | . . . . . . . . . . . . . . . . . . . . . . . . 30 302 1223 . . . Salvage Created 12830 | 117 446 285 1311 88 1282 78 . 126 186 767 . 179 244 333 . 577 58 139 310 379 548 . . . 569 2888 166 374 1380 Parts 633 | 10 29 14 90 1 76 3 . 14 10 28 . 17 23 16 . 31 6 . 3 16 24 . . . 23 123 1 10 65 Haulers Intercepted 10 | . 1 . 6 . . . . 1 . . . . . . . 1 . . . . . . . . . 1 . . . Recyclers Shooed 18 | 1 . . . . 2 . . 1 1 . . . . 1 . . . . . . . . . . . 10 . . 2 Parts Field Recycled . | . . . . . . . . . . . . . . . . . . . . . . . . . . . . . . Retrieved Matter . | . . . . . . . . . . . . . . . . . . . . . . . . . . . . . . Parts Self-Destructed 39 | . . . . . . . . . . . . . . . . . 6 . 2 22 . . . . 9 . . . . Prevented 8 | . . . . . . . . . . . . . . . . . . . . 1 . . . . 7 . . . . Parts Restored . | . . . . . . . . . . . . . . . . . . . . . . . . . . . . . . Kills | -11 -10 -10 -9 -9 -8 -7 -7 -7 -6 -6 -6 -6 -6 -5 -5 -5 -5 -5 -5 -4 -4 -4 -4 -4 -3 -3 -3 -2 -1 ------- Run | Yrd Mat Min Mat Min Mat Fac Was Fac Fac Ext Cet Arc Hub Fac Was Fac Upp Upp Zhi Pro Fac Upp Upp War Pro Res Qua Res Acc Combat Hostiles Destroyed 176 | . 11 6 20 6 24 . . 1 2 11 . . 2 2 . 8 1 . . 7 2 . . . 11 29 3 5 25 Melee 5 | . . . . . 5 . . . . . . . . . . . . . . . . . . . . . . . . Guns 85 | . 8 6 13 . 12 . . 1 . 3 . . 2 2 . 8 1 . . 7 2 . . . . 5 . 3 12 Cannons 16 | . . . . . . . . . . 2 . . . . . . . . . . . . . . 2 9 2 . 1 AOE 54 | . 3 . 7 6 7 . . . 2 5 . . . . . . . . . . . . . . 8 4 . . 12 Classes Destroyed 22 | 3 6 1 2 2 2 . . 1 . 1 . . . . . . . . . 1 . . . . 1 1 . 1 . Worker 32 | 1 . . . 1 4 . . . 1 1 . . 4 . . 2 . . . . . . . . . 17 . . 1 Builder 17 | . . 1 1 . 3 . . 1 . . . . . . . 1 . . . . . . . . . 10 . . . Tunneler 3 | 1 . . . . . . . 1 1 . . . . . . . . . . . . . . . . . . . . Hauler 10 | . 1 . 6 . . . . 1 . . . . . . . 1 . . . . . . . . . 1 . . . Recycler 25 | 1 . . 4 1 3 1 . . 1 2 . . . 2 . 1 . . . . 3 . . . . 4 . . 2 Mechanic 1 | . 1 . . . . . . . . . . . . . . . . . . . . . . . . . . . . Operator 11 | . 1 . 3 . 1 . . . . . . 5 1 . . . . . . . . . . . . . . . . Drone 2 | . . . . . . . . . . . . . . . . . . . . . . . . . 2 . . . . Watcher 13 | . 1 . 3 . . . . . . 2 . . 1 . . . . . . . 1 . . . . 4 . . 1 Swarmer 44 | . 3 . 7 . 3 . . . 2 5 . . . . . 4 . . . 3 . . . . 3 . . . 14 Grunt 64 | . 8 6 7 . 15 . . . . 2 . . . . . 2 . . . 1 . . . . 6 12 1 4 . Brawler 3 | . . . . . 1 . . . . . . . . . . . . . . . . . . . . . 2 . . Duelist 3 | . . . 1 . 1 . . . . . . . . . . . . . . . . . . . . 1 . . . Protector 1 | . . . . . . . . . . . . . . . . . . . . . . . . . . 1 . . . Researcher 1 | . . . . . . . . . . . . . . . . . . . . 1 . . . . . . . . . Sentry 13 | . . . 5 . 2 . . . . 2 . . 2 . . . . . . . . . . . . . . . 2 Demolisher 1 | . . . . . . . . . . . . . . . . . . . . . . . . . . . . 1 . Hunter 14 | . . . . . 2 . . . . . . . . . . . 1 . . . . . . . . 7 . . 4 Programmer 23 | . . . . . . . . 1 . . . . . 2 . 2 . . . 3 2 . . . . 8 . . 5 Behemoth 2 | . . . . . . . . . . 2 . . . . . . . . . . . . . . . . . . . Zionite 1 | . . . . 1 . . . . . . . . . . . . . . . . . . . . . . . . . Assembled 6 | . . . . 6 . . . . . . . . . . . . . . . . . . . . . . . . . Thug 1 | . . . . . . . . . . 1 . . . . . . . . . . . . . . . . . . . Best Kill Streak 15 | 1 3 5 6 2 9 1 . 2 2 3 . 2 5 2 . 10 1 . . 5 1 . . . 9 15 2 3 7 Combat Bots Only 9 | . 3 2 3 2 6 . . 1 2 3 . . 1 2 . 4 1 . . 5 1 . . . 9 6 2 3 6 Max Kills in Single Turn 4 | 1 3 1 2 2 4 1 . 1 2 2 . 1 3 1 . 2 1 . . 2 1 . . . 4 4 1 1 4 Gunslinging 1 | . 1 . 1 . . . . . . . . . . . . 1 . . . 1 . . . . . . . . . Exploded 4 | . 3 . 2 1 2 . . . 2 2 . . . . . . . . . . . . . . 4 1 . . 3 Melee 1 | . . . . . 1 . . . . . . . . . . . . . . . . . . . . . . . . Uniques/NPCs Destroyed . | . . . . . . . . . . . . . . . . . . . . . . . . . . . . . . Combat | -11 -10 -10 -9 -9 -8 -7 -7 -7 -6 -6 -6 -6 -6 -5 -5 -5 -5 -5 -5 -4 -4 -4 -4 -4 -3 -3 -3 -2 -1 -------- Run | Yrd Mat Min Mat Min Mat Fac Was Fac Fac Ext Cet Arc Hub Fac Was Fac Upp Upp Zhi Pro Fac Upp Upp War Pro Res Qua Res Acc Hostile Shots Fired 1590 | . 62 34 84 15 187 . . 95 14 52 . . 18 20 . 47 13 . . 60 37 . . 6 13 478 46 60 249 Missed 531 | . 19 5 26 6 42 . . 42 6 26 . . 9 11 . 19 5 . . 15 15 . . 2 4 160 13 19 87 Intercepted 4 | . . . . . . . . . . . . . . . . . . . . . . . . . . . . 4 . Hits 1059 | . 43 29 58 9 145 . . 53 8 26 . . 9 9 . 28 8 . . 45 22 . . 4 9 318 33 41 162 Melee 20 | . . . 6 1 7 . . . . . . . . . . . . . . . . . . . . 3 3 . . Projectile 1039 | . 43 29 52 8 138 . . 53 8 26 . . 9 9 . 28 8 . . 45 22 . . 4 9 315 30 41 162 AOE 4 | . . . . . . . . . . . . . . . . . . . . . . . . . . . . 4 . Critical Strikes 40 | . 2 . 3 . 3 . . 2 1 . 1 . . 1 . 2 1 . . 2 2 . . 1 . 13 . . 6 Actively Blocked 1 | . . . . . . . . . . . . . . . . . . . . . . . . . . 1 . . . Part Disruptions 3 | . . . . . . . . . . . . . . . . . 1 1 . . . . . . . 1 . . . Actively Blocked 1 | . . . . . . . . . . . . . . . . . . 1 . . . . . . . . . . . Damage Taken 18409 | . 551 402 1118 161 2174 . . 701 130 578 25 . 110 188 . 509 232 36 . 842 570 . . 125 182 5410 816 1062 2487 Core 2800 | . 140 89 333 28 474 . . 65 . 62 . . . 21 . 31 41 . . 118 73 . . 34 22 892 137 41 199 Absorbed by Shields 1468 | . . . . . . . . . . 6 25 . 52 . . 45 . . . . . . . . . . . 10 1330 Reduced by Siege Mode 155 | . . . . . . . . . . . . . . . . . . . . . . . . . . 155 . . . Redirected to Shielding 463 | . . . . . . . . . . . . . . . . . . 20 . 38 43 . . . 21 341 . . . Ignored by Resistances 1014 | . . . . . . . . . . . . . . . . . . . . . . . . . . 1002 12 . . Regen/Repaired (Parts) 199 | . . . 50 . . . . . . . . . . . . 93 . . . . . . . 56 . . . . . Core Remaining (%) 61 | 100 . 8 . 9 13 . . 90 . . . . 92 . . . . . . 78 . . . . 88 . 9 97 87 Volleys Fired 829 | 9 51 29 98 15 82 . . 20 18 60 . 58 31 7 2 42 10 15 . 32 32 8 5 2 29 69 5 19 81 Largest 3 | 2 2 2 2 2 2 . . 2 1 2 . 2 2 2 1 2 2 1 . 3 3 1 1 1 1 2 1 3 3 Hottest 300 | 70 115 100 128 112 112 . . 93 85 113 . 113 120 85 85 85 120 85 . 118 118 105 105 45 105 163 300 243 190 Shots Fired 1389 | 18 101 58 180 20 130 . . 31 18 98 . 60 39 13 1 59 16 15 . 60 43 8 5 2 30 119 4 51 210 Gun 1006 | 18 100 58 174 9 121 . . 16 . 60 . 58 15 12 . 33 12 10 . 46 17 . . 2 . 18 . 30 197 Cannon 314 | . . . . . . . . 15 16 31 . 2 24 1 1 26 4 5 . 14 26 8 5 . 22 82 4 21 7 Launcher 69 | . 1 . 6 11 9 . . . 2 7 . . . . . . . . . . . . . . 8 19 . . 6 Special . | . . . . . . . . . . . . . . . . . . . . . . . . . . . . . . Kinetic 610 | 9 11 . . . 4 . . 16 . 60 . 55 15 12 . 33 12 10 . 46 17 . . . 13 70 . 30 197 Thermal 666 | 9 89 58 174 9 117 . . 15 16 31 . 5 24 1 1 26 4 5 . 14 26 8 5 . 9 12 4 . 4 Explosive 46 | . 1 . 6 11 9 . . . 2 7 . . . . . . . . . . . . . . . 4 . . 6 Electromagnetic 47 | . . . . . . . . . . . . . . . . . . . . . . . . . 8 15 . 21 3 Entropic 20 | . . . . . . . . . . . . . . . . . . . . . . . . 2 . 18 . . . Robot Hit Streak 43 | 3 10 9 13 3 12 . . 3 2 15 . 7 6 4 . 13 15 3 . 7 17 . . . 4 43 4 11 12 Robot Miss Streak 9 | 3 6 3 4 2 4 . . 4 5 5 . 6 3 2 . 2 2 2 . 7 2 . . . 2 8 . 3 9 Penetration Max 2 | . . . . . . . . . . . . 1 1 . . 1 . 1 . 1 . . . . . 2 . 1 1 Secondary Targets 15 | . 2 . 2 . . . . . . . . . . . . 3 . . . 3 . . . . . . . 1 4 Max Gunslinging Chain 1 | . 1 . 1 . . . . . . . . . . . . 1 . . . 1 . . . . . . . 1 1 Shots Hit Robots 777 | 8 60 38 108 6 90 1 . 14 9 70 . 37 8 11 . 24 6 9 10 30 17 . . . 5 71 5 33 107 Core Hits 567 | 4 29 20 48 12 58 . . 5 5 58 . 20 10 6 . 16 3 2 5 12 8 . . . 31 139 2 15 59 Critical Kills 13 | . . . . . . . . . . 1 . 2 1 1 . 1 1 . . 1 . . . . . 1 2 1 1 Critical Parts Destroyed 34 | . . . . . . . . . . . . 1 1 2 . 4 . 3 . 5 . . . . . 5 2 4 7 Critical Strikes 83 | . 3 4 12 1 7 . . . . 2 . 3 2 3 . 5 1 3 1 6 . . . . 2 10 5 5 8 Burn 27 | . 3 4 12 1 7 . . . . . . . . . . . . . . . . . . . . . . . . Meltdown 2 | . . . . . . . . . . 1 . . . . . . . . . . . . . . . 1 . . . Destroy 41 | . . . . . . . . . . 1 . 3 2 3 . 5 1 3 . 6 . . . . . . 4 5 8 Blast 6 | . . . . . . . . . . . . . . . . . . . . . . . . . 2 4 . . . Smash 1 | . . . . . . . . . . . . . . . . . . . . . . . . . . . 1 . . Sever 1 | . . . . . . . . . . . . . . . . . . . 1 . . . . . . . . . . Detonate 5 | . . . . . . . . . . . . . . . . . . . . . . . . . . 5 . . . Melee Attacks 118 | . . . . . 23 1 . 18 11 . . . . 3 . 11 . . 10 3 22 . . 5 . 2 9 . . Impact 9 | . . . . . . . . . . . . . . . . . . . . . . . . . . . 9 . . Slashing 92 | . . . . . 23 1 . 18 11 . . . . 3 . 11 . . 10 3 12 . . . . . . . . Piercing 17 | . . . . . . . . . . . . . . . . . . . . . 10 . . 5 . 2 . . . Sneak Attacks 18 | . . . . . 3 1 . 4 2 . . . . 2 . 1 . . . 2 3 . . . . . . . . Combat Hostiles . | . . . . . . . . . . . . . . . . . . . . . . . . . . . . . . Follow-up Attacks . | . . . . . . . . . . . . . . . . . . . . . . . . . . . . . . Damage Inflicted 33225 | 99 923 474 2329 568 2761 62 . 597 552 2092 . 1028 579 436 . 889 106 318 870 1068 736 . . . 1230 8466 886 1044 5112 Guns 13840 | 99 808 474 1837 71 1272 . . 145 . 1078 . 996 231 269 . 784 106 259 . 896 367 . . . . 920 . 524 2704 Cannons 5179 | . . . . . . . . 103 178 521 . 32 . . . . . 59 . . 31 . . . 351 2498 800 520 86 Explosions 11161 | . 115 . 476 497 806 . . . 202 493 . . 348 . . . . . . . . . . . 879 5036 . . 2309 Melee 3003 | . . . . . 683 62 . 349 172 . . . . 167 . 105 . . 870 172 338 . . . . . 85 . . Ramming 42 | . . . 16 . . . . . . . . . . . . . . . . . . . . . . 12 1 . 13 Kinetic 11108 | 74 115 . . . 72 . . 145 . 1078 . 961 231 269 . 784 106 259 . 896 367 . . . 351 2172 . 524 2704 Thermal 8263 | 25 693 474 1837 71 1200 . . 103 178 521 . 67 . . . . . 59 . . 31 . . . 218 1808 800 . 178 Explosive 5533 | . 115 . 476 497 806 . . . 202 493 . . . . . . . . . . . . . . . 813 . . 2131 Electromagnetic 4356 | . . . . . . . . . . . . . 348 . . . . . . . . . . . 661 2741 . 520 86 Impact 85 | . . . . . . . . . . . . . . . . . . . . . . . . . . . 85 . . Slashing 2811 | . . . . . 683 62 . 349 172 . . . . 167 . 105 . . 870 172 231 . . . . . . . . Piercing 107 | . . . . . . . . . . . . . . . . . . . . . 107 . . . . . . . . Entropic 920 | . . . . . . . . . . . . . . . . . . . . . . . . . . 920 . . . Highest Corruption 30 | . . 5 5 5 . . 5 8 . . . 11 . 1 19 23 24 24 24 30 3 . . 5 5 14 19 . 9 Average Corruption 9 | . . 5 4 5 . . 5 5 . . . 5 . 1 10 20 23 24 24 27 2 . . 5 5 3 14 . 6 Corruption Purged 14 | . . . . . . . . . . . . 11 . . . . . . . . 3 . . . . . . . . Corruption Blocked . | . . . . . . . . . . . . . . . . . . . . . . . . . . . . . . Effects 338 | . . . 50 41 . . . 14 . . . 8 . 1 8 41 31 16 7 30 5 . . 12 29 12 16 . 17 Message Errors 92 | . . . 12 18 . . . 3 . . . 2 . 1 2 4 9 7 . 9 3 . . 2 10 2 2 . 6 Matter Fused 84 | . . . 14 9 . . . 5 . . . 2 . . 1 9 9 3 3 7 1 . . 5 6 2 3 . 5 Heat Flow Errors 37 | . . . 7 3 . . . 1 . . . 1 . . . 9 2 2 2 3 1 . . . 2 1 3 . . Energy Discharges 31 | . . . 4 4 . . . 2 . . . . . . 1 4 . 1 1 6 . . . 1 4 2 1 . . Parts Rejected 5 | . . . 2 . . . . . . . . . . . . . . . . . . . . . . 1 2 . . Parts Fused 1 | . . . . . . . . . . . . 1 . . . . . . . . . . . . . . . . . Data Loss (minor) 37 | . . . 6 5 . . . 2 . . . 1 . . 1 5 4 2 1 2 . . . . 3 2 3 . . Data Loss (major) 13 | . . . . . . . . 1 . . . . . . 1 2 4 . . . . . . 3 1 . . . 1 Misfires 12 | . . . 3 1 . . . . . . . . . . . 3 1 . . . . . . . 2 1 . . 1 Alerts 9 | . . . 2 1 . . . . . . . 1 . . . 1 1 1 . . . . . 1 . . . . 1 Misdirections 5 | . . . . . . . . . . . . . . . 1 2 . . . . . . . . . 1 1 . . Weapon Failures 12 | . . . . . . . . . . . . . . . 1 2 1 . . 3 . . . . 1 . 1 . 3 Overload Shots . | . . . . . . . . . . . . . . . . . . . . . . . . . . . . . . Overflow Damage 1220 | . . . . 18 102 32 . 42 71 . . . . 38 . 75 . . 118 37 . . . . 50 307 100 25 205 Projectiles 210 | . . . . . . . . . . . . . . . . . . . . . . . . . 10 160 15 25 . Explosions 456 | . . . . 18 16 . . . 30 . . . . . . . . . . . . . . . 40 147 . . 205 Melee 554 | . . . . . 86 32 . 42 41 . . . . 38 . 75 . . 118 37 . . . . . . 85 . . Knockbacks 25 | . . . . . . . . . . . . . . . . . . . . . . . . . . 24 1 . . Impact 1 | . . . . . . . . . . . . . . . . . . . . . . . . . . . 1 . . Kinetic 17 | . . . . . . . . . . . . . . . . . . . . . . . . . . 17 . . . Secondary 7 | . . . . . . . . . . . . . . . . . . . . . . . . . . 7 . . . Self-Inflicted Damage 576 | . . . 33 31 . . . . . 17 . . 96 . . . . . . . . . . . . 297 . . 102 Shots 33 | . . . 2 1 . . . . . 1 . . 1 . . . . . . . . . . . . 25 . . 3 Rammed 6 | . . . 2 . . . . . . . . . . . . . . . . . . . . . . 3 1 . . Targets Rammed 7 | . . . 2 . . . . . . . . . . . . . . . . . . . . . . 3 1 . 1 Kicked 1 | . . . . . . . . . . . . . . . . . . . . . . . . . . . . . 1 Crushed . | . . . . . . . . . . . . . . . . . . . . . . . . . . . . . . Highest Temperature 591 | 27 189 156 591 271 363 1 . 377 258 357 . 164 120 38 34 292 242 216 137 253 245 44 76 . 175 207 144 410 39 Average Temperature 94 | 10 55 63 139 109 83 1 . 181 113 89 . 29 46 22 21 92 92 80 66 105 48 22 33 . 48 91 84 139 20 Received Heat Transfer 3042 | . 306 234 282 30 792 . . 138 45 72 . . 7 9 . 99 9 . . 63 66 . . 37 12 710 111 4 16 Effects 33 | . . . 15 . 8 . . 5 1 2 . . . . . 1 . . . . . . . . . . . 1 . Shutdowns 7 | . . . 3 . 1 . . 2 . . . . . . . . . . . . . . . . . . . 1 . Energy Bleed 6 | . . . 1 . 2 . . 1 1 . . . . . . 1 . . . . . . . . . . . . . Interference 6 | . . . 2 . 4 . . . . . . . . . . . . . . . . . . . . . . . . Matter Decay 1 | . . . 1 . . . . . . . . . . . . . . . . . . . . . . . . . . Short Circuit 3 | . . . 1 . 1 . . . . 1 . . . . . . . . . . . . . . . . . . . Damage (minor) 6 | . . . 3 . . . . 2 . 1 . . . . . . . . . . . . . . . . . . . Damage (core) 4 | . . . 4 . . . . . . . . . . . . . . . . . . . . . . . . . . Siege Activations 1 | . . . . . . . . . . . . . . . . . . . . . . . . . . 1 . . . Total Turns 28 | . . . . . . . . . . . . . . . . . . . . . . . . . . 28 . . . Longest Duration 28 | . . . . . . . . . . . . . . . . . . . . . . . . . . 28 . . . Martial Activations . | . . . . . . . . . . . . . . . . . . . . . . . . . . . . . . Shielding Activations . | . . . . . . . . . . . . . . . . . . . . . . . . . . . . . . Robots Disrupted . | . . . . . . . . . . . . . . . . . . . . . . . . . . . . . . Combat Hostiles . | . . . . . . . . . . . . . . . . . . . . . . . . . . . . . . Robots Corrupted 14 | . . . . . . . . . . . . . . . . . . . . . . . . . 1 10 1 2 . Combat Hostiles 14 | . . . . . . . . . . . . . . . . . . . . . . . . . 1 10 1 2 . Parts Fried 26 | . . . . . . . . . . . . . 1 . . . . . . . . . . . 5 19 1 . . Impact Corruptions 3 | . . . . . . . . . . . . . . . . . . . . . . . . . . 1 2 . . Robots Melted 2 | . . . . . . . . . . 1 . . . . . . . . . . . . . . . 1 . . . Combat Hostiles 2 | . . . . . . . . . . 1 . . . . . . . . . . . . . . . 1 . . . Parts Melted 27 | . 2 3 10 . 8 . . . . 3 . . . . . . . . . . . . . . . . . 1 . Heat Transferred 15197 | 74 2109 1583 4884 222 3145 . . 111 222 629 . 74 . . . . . 74 . . 37 . . . 150 1783 . . 100 Parts Sabotaged . | . . . . . . . . . . . . . . . . . . . . . . . . . . . . . . Parts Stolen . | . . . . . . . . . . . . . . . . . . . . . . . . . . . . . . Parts Stripped . | . . . . . . . . . . . . . . . . . . . . . . . . . . . . . . Power Chain Reactions 5 | . . . . . . . . . . . . . . . . . . . . . . . . . 2 3 . . . Alert | -11 -10 -10 -9 -9 -8 -7 -7 -7 -6 -6 -6 -6 -6 -5 -5 -5 -5 -5 -5 -4 -4 -4 -4 -4 -3 -3 -3 -2 -1 ------- Run | Yrd Mat Min Mat Min Mat Fac Was Fac Fac Ext Cet Arc Hub Fac Was Fac Upp Upp Zhi Pro Fac Upp Upp War Pro Res Qua Res Acc Maximum Alert Level 3 | . . . 2 . 1 . . . . 1 1 1 1 . . . . . . . . . . . . 3 2 1 2 Low Security (%) 79 | 100 100 100 46 100 65 100 100 100 100 97 77 97 99 100 100 100 . . . . 100 . . . . . . 85 36 Level 1 9 | . . . 22 . 34 . . . . 2 22 2 . . . . . . . . . . . . . 4 . 14 50 Level 2 9 | . . . 30 . . . . . . . . . . . . . . . . . . . . . . 61 100 . 13 Level 3 1 | . . . . . . . . . . . . . . . . . . . . . . . . . . 34 . . . Level 4 . | . . . . . . . . . . . . . . . . . . . . . . . . . . . . . . Level 5 . | . . . . . . . . . . . . . . . . . . . . . . . . . . . . . . High Security . | . . . . . . . . . . . . . . . . . . . . . . . . . . . . . . Max Security . | . . . . . . . . . . . . . . . . . . . . . . . . . . . . . . Peak Influence 1008 | 5 72 79 538 191 374 159 39 96 67 215 248 202 206 100 54 171 . . . . 88 . . . . 1008 526 287 638 Initial 526 | . . . 7 191 31 159 39 6 34 18 55 63 . 100 21 21 . . . . 88 . . . . 472 526 287 29 Average 125 | . 19 12 226 25 191 140 30 14 27 79 159 83 12 58 12 93 . . . . 28 . . . . 627 489 84 234 Influence Increases 9461 | 15 342 194 818 186 830 5 . 221 160 810 343 250 364 168 62 433 90 5 15 245 362 . . 144 380 1638 205 210 966 Destroy 0b10 Robot/C 3980 | . 220 140 400 . 480 . . 20 40 500 160 80 80 40 . 160 20 . . 140 40 . . 60 180 560 60 100 500 Destroy 0b10 Robot/NC 615 | 15 20 5 85 10 55 5 . 15 15 35 10 25 30 10 . 25 . 5 15 . 20 . . . 10 185 . . 20 Destroy Leader 736 | . 54 40 108 . 110 . . 10 . 36 . . 32 10 . 22 10 . . 30 12 . . . 10 140 . 20 92 Allied During Kill 383 | . . 2 . . . . . . . 151 145 54 7 . . . . . . . . . . 24 . . . . . Successful Hack 400 | . 15 7 13 . 13 . . 70 29 21 . . 3 51 . 64 . . . . 57 . . . . 6 21 . 30 Disable Machine 525 | . 15 . 105 45 15 . . . 15 15 15 75 90 . . 30 . . . . . . . . . 15 45 15 30 Destroy Structure 1217 | . 3 . 47 131 67 . . 16 31 52 13 16 107 12 62 72 . . . . 68 . . . . 222 34 . 264 Advance Influence 450 | . . . . . . . . . . . . . . . . . . . . . . . . . . 450 . . . Partial Spotted 45 | . . . . . . . . . 15 . . . 15 . . 15 . . . . . . . . . . . . . Lose Combat Pursuer 1110 | . 15 . 60 . 90 . . 90 15 . . . . 45 . 45 60 . . 75 165 . . 60 180 60 45 75 30 Influence Decreases 8835 | 15 342 174 347 595 561 242 105 159 192 750 284 408 158 312 94 315 238 5 15 104 434 69 . 144 346 736 630 671 390 Entered New Map 1789 | . . . 13 300 51 192 75 3 37 21 44 95 . 106 41 9 56 . . . 53 26 . . . 12 410 224 21 Time Decay 5814 | 15 332 164 304 295 380 50 10 139 155 466 180 313 93 206 33 286 182 5 15 104 359 43 . 104 346 334 190 377 334 Lost Part 622 | . 10 10 30 . 130 . . 10 . 15 . . . . . 20 . . . . 22 . . . . 240 30 70 35 Lost Ally 381 | . . . . . . . 20 . . 176 60 . 65 . 20 . . . . . . . . 40 . . . . . Purge Threat 229 | . . . . . . . . 7 . 72 . . . . . . . . . . . . . . . 150 . . . Squads Dispatched 54 | . 3 1 1 . 5 . . 6 1 . . . 2 5 . 5 . . . . 7 . . . . 8 2 2 6 Investigation 15 | . 2 1 . . . . . 3 . . . . . 2 . 2 . . . . 3 . . . . 1 . . 1 Extermination 15 | . . . . . . . . 1 1 . . . 1 2 . 2 . . . . 3 . . . . 1 1 . 3 Reinforcement 18 | . 1 . 1 . 2 . . . . . . . 1 1 . 1 . . . . 1 . . . . 5 1 2 2 Assault 1 | . . . . . . . . . . . . . . . . . . . . . . . . . . 1 . . . Garrison 5 | . . . . . 3 . . 2 . . . . . . . . . . . . . . . . . . . . . Intercept . | . . . . . . . . . . . . . . . . . . . . . . . . . . . . . . Searches Triggered . | . . . . . . . . . . . . . . . . . . . . . . . . . . . . . . Construction Impeded 3 | . . . . . . . . . . . . . . . . . . . . . . . . . . 3 . . . Haulers Reinforced 4 | . . . . . . . . . . . . . . . . 1 . . . . . . . . . 1 . 1 1 Active Scanning Responses . | . . . . . . . . . . . . . . . . . . . . . . . . . . . . . . Cargo Convoy Interrupts . | . . . . . . . . . . . . . . . . . . . . . . . . . . . . . . Stealth | -11 -10 -10 -9 -9 -8 -7 -7 -7 -6 -6 -6 -6 -6 -5 -5 -5 -5 -5 -5 -4 -4 -4 -4 -4 -3 -3 -3 -2 -1 --------- Run | Yrd Mat Min Mat Min Mat Fac Was Fac Fac Ext Cet Arc Hub Fac Was Fac Upp Upp Zhi Pro Fac Upp Upp War Pro Res Qua Res Acc Distress Signals 43 | . 3 . 5 3 3 . . 1 . 2 2 . 1 . . 1 . . . . 1 . . . 2 8 1 9 1 Communications Jammed 170 | . . . . . . . . . . . . . . . . . . . . . . . . . . 54 . . 116 Distress Signals 170 | . . . . . . . . . . . . . . . . . . . . . . . . . . 54 . . 116 Times Spotted 453 | . 26 6 40 9 42 . 6 24 3 25 6 40 5 7 6 11 5 . . 12 18 . . 15 12 53 15 30 37 Peak Tracking Total 11 | . 3 4 4 3 6 . 6 11 3 4 5 1 2 3 6 5 2 . . 8 6 . . 10 7 11 11 7 6 Tactical Retreats 44 | . 2 . 3 1 3 . . 3 1 . . . . 2 . 2 2 . . 3 5 . . 2 5 3 1 4 2 Traps | -11 -10 -10 -9 -9 -8 -7 -7 -7 -6 -6 -6 -6 -6 -5 -5 -5 -5 -5 -5 -4 -4 -4 -4 -4 -3 -3 -3 -2 -1 ------- Run | Yrd Mat Min Mat Min Mat Fac Was Fac Fac Ext Cet Arc Hub Fac Was Fac Upp Upp Zhi Pro Fac Upp Upp War Pro Res Qua Res Acc Traps Triggered 23 | . . . 3 . . 1 . 1 1 2 . . . 2 . 4 1 1 . . 3 . . . . 1 2 . 1 Indirectly . | . . . . . . . . . . . . . . . . . . . . . . . . . . . . . . Trap Hack Attempts . | . . . . . . . . . . . . . . . . . . . . . . . . . . . . . . Triggered . | . . . . . . . . . . . . . . . . . . . . . . . . . . . . . . Disarmed . | . . . . . . . . . . . . . . . . . . . . . . . . . . . . . . Reprogrammed . | . . . . . . . . . . . . . . . . . . . . . . . . . . . . . . Reused . | . . . . . . . . . . . . . . . . . . . . . . . . . . . . . . Traps Extracted . | . . . . . . . . . . . . . . . . . . . . . . . . . . . . . . Installed . | . . . . . . . . . . . . . . . . . . . . . . . . . . . . . . Triggered . | . . . . . . . . . . . . . . . . . . . . . . . . . . . . . . Machines | -11 -10 -10 -9 -9 -8 -7 -7 -7 -6 -6 -6 -6 -6 -5 -5 -5 -5 -5 -5 -4 -4 -4 -4 -4 -3 -3 -3 -2 -1 ---------- Run | Yrd Mat Min Mat Min Mat Fac Was Fac Fac Ext Cet Arc Hub Fac Was Fac Upp Upp Zhi Pro Fac Upp Upp War Pro Res Qua Res Acc Machines Disabled 38 | . 1 . 7 3 1 . . . 1 1 2 5 6 . . 2 . . . . . . . 1 1 1 3 1 2 Max in Single Turn 5 | . 1 . 5 3 1 . . . 1 . . 1 4 . . 1 . . . . . . . 1 1 1 1 1 1 Garrison Access 5 | . . . . . . 1 . . . . . . . . . . . . . . 2 . . . . . . 2 . Network Hub 1 | . . . . . . . . . . . . . 1 . . . . . . . . . . . . . . . . Energy Cycler 1 | . . . . . . . . . . . . . . . . . . . . . . . . . . . . . 1 Machines Repaired . | . . . . . . . . . . . . . . . . . . . . . . . . . . . . . . Machines Dismantled . | . . . . . . . . . . . . . . . . . . . . . . . . . . . . . . Machines Sabotaged . | . . . . . . . . . . . . . . . . . . . . . . . . . . . . . . Overloaded Fab Kills . | . . . . . . . . . . . . . . . . . . . . . . . . . . . . . . Hacking | -11 -10 -10 -9 -9 -8 -7 -7 -7 -6 -6 -6 -6 -6 -5 -5 -5 -5 -5 -5 -4 -4 -4 -4 -4 -3 -3 -3 -2 -1 --------- Run | Yrd Mat Min Mat Min Mat Fac Was Fac Fac Ext Cet Arc Hub Fac Was Fac Upp Upp Zhi Pro Fac Upp Upp War Pro Res Qua Res Acc Machines Accessed 106 | . 7 3 7 1 5 3 . 11 8 10 . . 5 6 . 9 . 1 4 . 14 . . 3 1 1 2 1 4 Terminals 63 | . 6 1 4 1 4 1 . 7 6 10 . . 4 4 . 2 . . . . 7 . . . 1 1 2 . 2 Fabricators 9 | . . . . . . . . 3 . . . . . 1 . 2 . . . . 3 . . . . . . . . Repair Stations 2 | . . . 1 . . . . . . . . . . . . 1 . . . . . . . . . . . . . Recycling Units 9 | . 1 . 1 . 1 1 . . 1 . . . . . . 2 . . . . 1 . . . . . . . 1 Scanalyzers 7 | . . . 1 . . . . 1 1 . . . . 1 . 2 . . . . 1 . . . . . . . . Garrison Access 6 | . . . . . . 1 . . . . . . 1 . . . . . . . 2 . . . . . . 1 1 Total Hacks 286 | . 18 5 20 1 13 4 . 29 28 19 . . 10 25 . 24 . 1 17 . 40 . . 9 6 3 3 2 9 Successful 176 | . 11 4 9 . 7 1 . 16 8 12 . . 3 16 . 18 . 1 17 . 31 . . 9 6 2 1 1 3 Failed 109 | . 7 1 10 1 6 3 . 13 20 7 . . 7 9 . 6 . . . . 9 . . . . 1 2 1 6 Catastrophic 11 | . . . . . 1 1 . 3 . . . . 2 2 . . . . . . . . . . . . 1 . 1 Database Lockouts 1 | . . . 1 . . . . . . . . . . . . . . . . . . . . . . . . . . Manual 111 | . 7 3 6 1 6 . . 19 9 4 . . 8 19 . 4 . . . . 23 . . . . . . . 2 Terminals 177 | . 16 3 12 1 12 2 . 22 21 19 . . 8 18 . 5 . . . . 21 . . . 6 3 3 . 5 Fabricators 32 | . . . . . . . . 5 . . . . . 5 . 10 . . . . 12 . . . . . . . . Repair Stations 5 | . . . 2 . . . . . . . . . . . . 3 . . . . . . . . . . . . . Recycling Units 14 | . 2 . 4 . 1 1 . . 2 . . . . . . 2 . . . . 1 . . . . . . . 1 Scanalyzers 18 | . . . 2 . . . . 2 5 . . . . 2 . 4 . . . . 3 . . . . . . . . Garrison Access 11 | . . . . . . 1 . . . . . . 2 . . . . . . . 3 . . . . . . 2 3 Terminal Hacks 87 | . 6 2 3 . 3 . . 4 3 9 . . 1 7 . 2 . 1 17 . 10 . . 9 6 2 1 . 1 Record 19 | . . . . . . . . . . . . . . . . . . . 5 . . . . 8 6 . . . . Part Schematic 15 | . 1 . . . . . . 1 . . . . . 4 . . . . 4 . 5 . . . . . . . . Robot Analysis 7 | . 1 . 1 . . . . . . 1 . . . . . . . . 4 . . . . . . . . . . Prototype ID Bank 5 | . 1 . . . . . . . . . . . . . . . . . 4 . . . . . . . . . . Open Door 11 | . . 2 . . . . . . . 7 . . . . . . . 1 . . . . . 1 . . . . . Level Access Points 2 | . . . . . . . . . . . . . . . . . . . . . . . . . . . 1 . 1 Branch Access Points 4 | . . . . . . . . . . . . . . 1 . 1 . . . . 1 . . . . 1 . . . Terminal Index 7 | . 1 . 1 . . . . 1 1 . . . . 1 . 1 . . . . 1 . . . . . . . . Fabricator Index 2 | . . . . . . . . . . . . . . 1 . . . . . . 1 . . . . . . . . Unreport Threat 3 | . . . . . . . . 1 . 1 . . . . . . . . . . . . . . . 1 . . . Locate Traps 7 | . 2 . 1 . . . . 1 2 . . . . . . . . . . . 1 . . . . . . . . Recall Extermination 1 | . . . . . . . . . . . . . . . . . . . . . 1 . . . . . . . . Zone Layout 4 | . . . . . 3 . . . . . . . 1 . . . . . . . . . . . . . . . . Fabricator Hacks 20 | . . . . . . . . 3 . . . . . 3 . 6 . . . . 8 . . . . . . . . Network Status 1 | . . . . . . . . 1 . . . . . . . . . . . . . . . . . . . . . Load Schematic 13 | . . . . . . . . 2 . . . . . 2 . 4 . . . . 5 . . . . . . . . Build 6 | . . . . . . . . . . . . . . 1 . 2 . . . . 3 . . . . . . . . Repair Station Hacks 4 | . . . 2 . . . . . . . . . . . . 2 . . . . . . . . . . . . . Scan Component 2 | . . . 1 . . . . . . . . . . . . 1 . . . . . . . . . . . . . Repair 2 | . . . 1 . . . . . . . . . . . . 1 . . . . . . . . . . . . . Recycling Unit Hacks 9 | . 2 . 1 . 1 . . . 1 . . . . . . 2 . . . . 1 . . . . . . . 1 Process 1 | . . . . . . . . . 1 . . . . . . . . . . . . . . . . . . . . Retrieve Components 8 | . 2 . 1 . 1 . . . . . . . . . . 2 . . . . 1 . . . . . . . 1 Scanalyzer 13 | . . . 1 . . . . 2 2 . . . . 2 . 3 . . . . 3 . . . . . . . . Insert Component 6 | . . . . . . . . 1 1 . . . . . . 2 . . . . 2 . . . . . . . . Retrieve Study 7 | . . . 1 . . . . 1 1 . . . . 2 . 1 . . . . 1 . . . . . . . . Garrison Access Hacks 4 | . . . . . . 1 . . . . . . . . . . . . . . 2 . . . . . . 1 . Seal Access 4 | . . . . . . 1 . . . . . . . . . . . . . . 2 . . . . . . 1 . Unauthorized Hacks 39 | . 3 2 2 . 3 . . 7 2 3 . . 2 4 . 3 . . . . 7 . . . . . . . 1 Terminals 28 | . 3 2 2 . 3 . . 5 2 3 . . 2 2 . . . . . . 3 . . . . . . . 1 Track 1 | . . 1 . . . . . . . . . . . . . . . . . . . . . . . . . . . Assimilate 5 | . . . . . . . . 2 . 1 . . . . . . . . . . 2 . . . . . . . . Botnet 12 | . 2 . 1 . 2 . . 2 1 . . . 1 2 . . . . . . 1 . . . . . . . . Disrupt 5 | . . 1 . . . . . . . 2 . . 1 . . . . . . . . . . . . . . . 1 Operators 5 | . 1 . 1 . 1 . . 1 1 . . . . . . . . . . . . . . . . . . . . Fabricators 11 | . . . . . . . . 2 . . . . . 2 . 3 . . . . 4 . . . . . . . . Prioritize 4 | . . . . . . . . . . . . . . 1 . 1 . . . . 2 . . . . . . . . Recompile 7 | . . . . . . . . 2 . . . . . 1 . 2 . . . . 2 . . . . . . . . Repair Stations . | . . . . . . . . . . . . . . . . . . . . . . . . . . . . . . Recycling Units . | . . . . . . . . . . . . . . . . . . . . . . . . . . . . . . Scanalyzers . | . . . . . . . . . . . . . . . . . . . . . . . . . . . . . . Garrison Access . | . . . . . . . . . . . . . . . . . . . . . . . . . . . . . . Data Cores Recovered 2 | . . . 2 . . . . . . . . . . . . . . . . . . . . . . . . . . Used 1 | . . . 1 . . . . . . . . . . . . . . . . . . . . . . . . . . Hacking Detections 69 | . 4 . 6 1 4 2 . 8 8 8 . . 5 4 . 4 . . . . 7 . . . . 1 2 1 4 Full Trace Events 3 | . . . . . . . . . . . . . . 1 . . . . . . 1 . . . . . . . 1 Feedback Events . | . . . . . . . . . . . . . . . . . . . . . . . . . . . . . . Feedback Blocked . | . . . . . . . . . . . . . . . . . . . . . . . . . . . . . . Robot Schematics Acquired . | . . . . . . . . . . . . . . . . . . . . . . . . . . . . . . Robots Built . | . . . . . . . . . . . . . . . . . . . . . . . . . . . . . . Authchips . | . . . . . . . . . . . . . . . . . . . . . . . . . . . . . . Time . | . . . . . . . . . . . . . . . . . . . . . . . . . . . . . . Total Robot Build Rating . | . . . . . . . . . . . . . . . . . . . . . . . . . . . . . . Part Schematics Acquired 15 | . 1 . . . . . . 1 . . . . . 4 . . . . 4 . 5 . . . . . . . . Parts Built 7 | . . . . . . . . . . . . . . 2 . 2 . . . . 3 . . . . . . . . Authchips 5 | . . . . . . . . . . . . . . 1 . 2 . . . . 2 . . . . . . . . Time 284 | . . . . . . . . . . . . . . 47 . 78 . . . . 159 . . . . . . . . Total Part Build Rating 41 | . . . . . . . . . . . . . . 10 . 11 . . . . 20 . . . . . . . . Part Studies Acquired 7 | . . . 1 . . . . 1 1 . . . . 2 . 1 . . . . 1 . . . . . . . . Parts Repaired 2 | . . . 1 . . . . . . . . . . . . 1 . . . . . . . . . . . . . Time 84 | . . . 51 . . . . . . . . . . . . 33 . . . . . . . . . . . . . Parts Recycled . | . . . . . . . . . . . . . . . . . . . . . . . . . . . . . . Recycled Matter 29 | . . . . . . . . . 29 . . . . . . . . . . . . . . . . . . . . Retrieved Matter . | . . . . . . . . . . . . . . . . . . . . . . . . . . . . . . Retrieved Components 13 | . . . 3 . 3 . . . . . . . . . . 4 . . . . 1 . . . . . . . 2 Parts Scanalyzed . | . . . . . . . . . . . . . . . . . . . . . . . . . . . . . . Part Schematics Acquired . | . . . . . . . . . . . . . . . . . . . . . . . . . . . . . . Parts Damaged . | . . . . . . . . . . . . . . . . . . . . . . . . . . . . . . Bothacking | -11 -10 -10 -9 -9 -8 -7 -7 -7 -6 -6 -6 -6 -6 -5 -5 -5 -5 -5 -5 -4 -4 -4 -4 -4 -3 -3 -3 -2 -1 ------------ Run | Yrd Mat Min Mat Min Mat Fac Was Fac Fac Ext Cet Arc Hub Fac Was Fac Upp Upp Zhi Pro Fac Upp Upp War Pro Res Qua Res Acc Used RIF Installer . | . . . . . . . . . . . . . . . . . . . . . . . . . . . . . . Robots Hacked . | . . . . . . . . . . . . . . . . . . . . . . . . . . . . . . Non-combat . | . . . . . . . . . . . . . . . . . . . . . . . . . . . . . . Combat . | . . . . . . . . . . . . . . . . . . . . . . . . . . . . . . Robot Hacks Applied . | . . . . . . . . . . . . . . . . . . . . . . . . . . . . . . Relay Couplers Released 2 | . . . . . . . . . . . . . . . . . . . . . . . . . . . . 2 . Machine Destruction 2 | . . . . . . . . . . . . . . . . . . . . . . . . . . . . 2 . Fabnet Peak Effective % . | . . . . . . . . . . . . . . . . . . . . . . . . . . . . . . Robots Rewired 18 | . . . . . . . . . . 13 . . . . . . . . . . . . . 5 . . . . . Allies Hacked 1 | . . . . . . . . . . . . . . . . . . . . . 1 . . . . . . . . Hacks Repelled . | . . . . . . . . . . . . . . . . . . . . . . . . . . . . . . Allies | -11 -10 -10 -9 -9 -8 -7 -7 -7 -6 -6 -6 -6 -6 -5 -5 -5 -5 -5 -5 -4 -4 -4 -4 -4 -3 -3 -3 -2 -1 -------- Run | Yrd Mat Min Mat Min Mat Fac Was Fac Fac Ext Cet Arc Hub Fac Was Fac Upp Upp Zhi Pro Fac Upp Upp War Pro Res Qua Res Acc Total Allies 52 | . . 1 . . . . 1 1 . 23 . . . . 19 . . . . . 2 . . 5 . . . . . Largest Group 19 | . . 1 1 . . . 1 1 . 12 12 9 8 . 19 . . . . . 1 . . 5 . . . . . Highest-Rated Group 684 | . . 31 31 . . . 31 10 . 501 501 417 253 . 684 . . . . . 26 . . 275 . . . . . Highest-Rated Ally 159 | . . 31 31 . . . 31 10 . 159 159 159 39 . 50 . . . . . 26 . . 68 . . . . . Total Orders 14 | . . . . . . . . . . 6 3 3 . . . . . . . . . . 2 . . . . . . STAY 4 | . . . . . . . . . . 3 . 1 . . . . . . . . . . . . . . . . . ROAM 1 | . . . . . . . . . . . 1 . . . . . . . . . . . . . . . . . . FOLLOW 7 | . . . . . . . . . . 3 2 2 . . . . . . . . . . . . . . . . . EXPLORE 1 | . . . . . . . . . . . . . . . . . . . . . . . 1 . . . . . . RETURN 1 | . . . . . . . . . . . . . . . . . . . . . . . 1 . . . . . . Ally Attacks 423 | . . 3 1 . . . 11 . . 127 78 25 27 . 117 . . . . . . . . 34 . . . . . Total Damage 10854 | . . 62 20 . . . 126 . . 1979 1477 221 459 . 5114 . . . . . . . . 1396 . . . . . Kills 51 | . . 1 . . . . . . . 17 10 4 2 . 12 . . . . . . . . 5 . . . . . Allies Corrupted . | . . . . . . . . . . . . . . . . . . . . . . . . . . . . . . Allies Melted 4 | . . . . . . . . . . . . . . . . . . . . . . . . 3 . . . 1 . Intel | -11 -10 -10 -9 -9 -8 -7 -7 -7 -6 -6 -6 -6 -6 -5 -5 -5 -5 -5 -5 -4 -4 -4 -4 -4 -3 -3 -3 -2 -1 ------- Run | Yrd Mat Min Mat Min Mat Fac Was Fac Fac Ext Cet Arc Hub Fac Was Fac Upp Upp Zhi Pro Fac Upp Upp War Pro Res Qua Res Acc Active Infowar (turns) 15225 | 73 224 667 990 . 356 102 38 622 421 1425 367 784 349 363 132 741 593 398 131 546 1380 178 176 671 1094 463 352 620 969 Optics 4162 | . . . . . 1 102 38 622 421 1425 367 784 349 53 . . . . . . . . . . . . . . . Sensors 11132 | . . . . . 356 102 38 567 421 709 . 228 334 363 132 740 593 398 131 546 1380 178 176 671 1094 432 352 620 571 Terrain 314 | . . . . . . . . . . . . . . . . . . . . . . . . . . . . . 314 Seismic 1954 | 73 224 667 990 . . . . . . . . . . . . . . . . . . . . . . . . . . Jamming 1382 | . . . . . . . . . . . . . . . . 17 . . . . . . . . . 112 . 469 784 Robot Analysis Total 7 | . 1 . 1 . . . . . . 1 . . . . . . . . 4 . . . . . . . . . . Derelict Logs Recovered 9 | . . 2 . 2 . . . . . . . . . . . . 2 1 . . . 1 1 . . . . . . Drone Launches 3 | . . . . . . . . . . . . . . . . . . . . . . . 3 . . . . . . Drone Recoveries 3 | . . . . . . . . . . . . . . . . . . . . . . . 3 . . . . . . Exploration | -11 -10 -10 -9 -9 -8 -7 -7 -7 -6 -6 -6 -6 -6 -5 -5 -5 -5 -5 -5 -4 -4 -4 -4 -4 -3 -3 -3 -2 -1 ------------- Run | Yrd Mat Min Mat Min Mat Fac Was Fac Fac Ext Cet Arc Hub Fac Was Fac Upp Upp Zhi Pro Fac Upp Upp War Pro Res Qua Res Acc Turns Passed 22278 | 133 1195 1034 2491 1812 898 102 38 622 421 1425 367 784 349 435 132 789 614 398 134 599 1406 181 214 1192 1126 744 393 1281 969 Spaces Moved 17499 | 75 690 608 1041 753 326 184 76 908 567 1004 171 243 430 784 178 1028 960 810 192 537 1730 362 338 776 713 319 284 878 534 Core 179 | 1 . . . . 6 . . . . . . . . . . . . . . . 3 . . . . 97 66 6 . Treads 246 | 18 18 . 63 . 6 . . . . . . . . . . . . . . . . . . . . 24 117 . . Legs 2587 | . . . . . . . . . . . . . . . . . . . . . . . . 169 713 198 101 872 534 Wheels 3380 | 56 672 608 978 753 313 . . . . . . . . . . . . . . . . . . . . . . . . Hover 11107 | . . . . . 1 184 76 908 567 1004 171 243 430 784 178 1028 960 810 192 537 1727 362 338 607 . . . . . Flight . | . . . . . . . . . . . . . . . . . . . . . . . . . . . . . . Fastest Speed 35 | 50 95 140 170 170 53 48 48 48 48 48 105 105 48 44 48 45 42 45 45 40 35 36 36 99 110 50 50 100 120 Average Speed 86 | 109 138 140 183 170 156 48 48 48 49 71 107 105 53 45 48 46 44 45 45 48 57 36 45 106 110 109 115 119 120 Slowest Speed 1600 | 160 320 140 400 170 1600 48 48 115 53 115 108 105 105 48 48 100 45 45 45 110 1050 99 99 400 110 360 145 120 120 Overloaded Moves 43 | . . . . . . . . . . . . . . . . . . . . 43 . . . . . . . . . Propulsion Burnouts . | . . . . . . . . . . . . . . . . . . . . . . . . . . . . . . Robots Hopped . | . . . . . . . . . . . . . . . . . . . . . . . . . . . . . . Potential Cave-ins 2 | . . . . . . . . . . . . . . . . . . . . . . . . . . . 2 . . Cave-ins Triggered . | . . . . . . . . . . . . . . . . . . . . . . . . . . . . . . Teleports 1 | . . . . . . . . . . . . . . . . . . . . . . . . . . 1 . . . Exploration Rate (%) 54 | 5 92 88 81 94 26 6 85 25 17 90 63 85 46 20 71 35 95 85 60 69 36 56 54 89 58 11 40 23 17 Regions Visited 29 Branch Regions 15 Pre-discovered Areas 7 | . . 1 . . . . . . . . . . . . . . . 1 3 . . 1 1 . . . . . . Known Exits Taken 19 | . . . . . 1 . . 1 1 1 1 1 1 . . 1 1 1 1 1 1 1 1 1 1 1 1 . . Unknown Exits Taken 6 | 1 1 1 1 1 . . . . . . . . . . . . . . . . . . . . . . . 1 . Scrap Searched 12 | . . 1 . 1 . . . . . . . . . . . . 4 1 . . . 2 2 . 1 . . . . Spaces Dug 230 | . . . 11 49 3 . . 14 13 14 . . 17 1 1 26 3 . . 13 30 5 2 4 3 8 4 . 9 Terrain Destroyed 1064 | . 2 . 41 171 85 . . 17 30 45 . 8 194 7 1 45 11 8 . 35 51 8 5 5 28 145 24 2 96 Melee 62 | . . . . . 3 . . 12 9 . . . . . . 10 . . . 1 17 . . 4 . 2 4 . . Projectile 299 | . . . . . 1 . . 5 10 13 . 8 29 7 1 35 11 8 . 34 34 8 5 1 12 45 20 2 10 AOE 701 | . 2 . 41 171 81 . . . 11 32 . . 165 . . . . . . . . . . . 16 98 . . 84 Terrain Rammed . | . . . . . . . . . . . . . . . . . . . . . . . . . . . . . . Walls Destroyed . | . . . . . . . . . . . . . . . . . . . . . . . . . . . . . . Machines Disabled . | . . . . . . . . . . . . . . . . . . . . . . . . . . . . . . Actions | -11 -10 -10 -9 -9 -8 -7 -7 -7 -6 -6 -6 -6 -6 -5 -5 -5 -5 -5 -5 -4 -4 -4 -4 -4 -3 -3 -3 -2 -1 --------- Run | Yrd Mat Min Mat Min Mat Fac Was Fac Fac Ext Cet Arc Hub Fac Was Fac Upp Upp Zhi Pro Fac Upp Upp War Pro Res Qua Res Acc Total 23060 | 104 829 737 1454 1267 543 199 77 1041 679 1614 354 712 501 846 222 1250 1126 827 221 813 2055 402 391 1130 1016 574 328 1056 692 Wait 3553 | 5 37 72 217 489 57 . . 61 71 424 170 381 30 7 43 99 139 3 . 224 174 30 41 275 257 113 3 94 37 Move 17470 | 74 689 607 1040 752 325 184 75 907 566 1003 170 242 429 784 177 1027 959 809 191 536 1729 361 337 775 712 318 283 877 532 Hop . | . . . . . . . . . . . . . . . . . . . . . . . . . . . . . . Pick Up 225 | 8 18 6 29 2 6 6 1 7 4 9 2 7 . 15 . 12 4 . 3 1 27 . 3 11 . 2 5 29 8 Fast Attach 78 | 7 2 . 3 . 6 1 . . 2 4 3 2 . 1 . 2 . . 2 1 13 . . 1 . 1 8 16 3 Attach 97 | . . 3 5 . 10 2 . 2 2 6 1 2 . 3 . 4 3 . 1 5 7 . . 1 . 22 7 8 3 Detach 30 | . . . . . 1 . . . 1 5 3 1 . 1 . . . . . . 3 . . 1 . 11 1 1 1 Swap 355 | . 19 10 27 4 29 . . 15 1 20 3 10 11 15 . 29 7 . 9 11 25 3 5 33 18 26 . 8 17 Drop 201 | 1 13 10 33 5 4 5 1 11 3 12 2 9 . 10 . 7 4 . 5 . 23 . . 18 . 7 6 4 8 Fire 829 | 9 51 29 98 15 82 . . 20 18 60 . 58 31 7 2 42 10 15 . 32 32 8 5 2 29 69 5 19 81 Melee 118 | . . . . . 23 1 . 18 11 . . . . 3 . 11 . . 10 3 22 . . 5 . 2 9 . . Ram 6 | . . . 2 . . . . . . . . . . . . . . . . . . . . . . 3 1 . . Kick 1 | . . . . . . . . . . . . . . . . . . . . . . . . . . . . . 1 Crush . | . . . . . . . . . . . . . . . . . . . . . . . . . . . . . . Escape Stasis 44 | . . . . . . . . . . 26 . . . . . 17 . . . . . . . . . . . . 1 Rewire 53 | . . . . . . . . . . 45 . . . . . . . . . . . . . 8 . . . . . Trap . | . . . . . . . . . . . . . . . . . . . . . . . . . . . . . . Miscellaneous . | . . . . . . . . . . . . . . . . . . . . . . . . . . . . . . Route ------- -11/Scrapyard -10/Materials (discovered 5 exits: *Mat x2 / *Min x2 / [*Sub]) -10/Mines (discovered 3 exits: *Mat x2 / [*Exi]) -9/Materials (discovered 5 exits: *Mat x2 / *Min / [*Sto x2]) -9/Mines (discovered 2 exits: *Mat x2) -8/Materials -7/Factory -7/Waste -7/Factory -6/Factory (discovered 3 exits: *Fac x2 / *Ext) -6/Extension (discovered 2 exits: *Fac / *Cet) -6/Cetus (discovered 2 exits: *Fac / *Arc) -6/Archives (discovered 3 exits: *Fac / *Hub x2) -6/Hub_04(d) (discovered 2 exits: *Fac x2) -5/Factory (discovered 2 exits: *Upp x2) -5/Waste -5/Factory (discovered 3 exits: *Fac / *Upp x2) -5/Upper Caves -5/Upper Caves (discovered 2 exits: *Fac / *Zhi) -5/Zhirov -4/Proximity Caves -4/Factory (discovered 3 exits: *Res / *Upp x2) -4/Upper Caves -4/Upper Caves (discovered 2 exits: *Res / *War) -4/Warlord -3/Proximity Caves -3/Research (discovered 3 exits: Arm / *Qua x2) -3/Quarantine -2/Research -1/Access To Epsilon Eridani History --------- Turn | Location | Event 22 | -11/Scrapyard | Discovered new exit (range 16) 134 | -11/Scrapyard | Entered Materials 158 | -10/Materials | Discovered new exit (range 15) 248 | -10/Materials | Discovered new exit (range 15) 316 | -10/Materials | Build established: Mutant 483 | -10/Materials | Discovered new exit (range 16) 874 | -10/Materials | Discovered new exit (range 4) 934 | -10/Materials | Derelicts attacked the area 1158 | -10/Materials | Core integrity fell below 50% 1218 | -10/Materials | Discovered new exit (range 9) 1329 | -10/Materials | Entered Mines 1351 | -10/Mines | Learned location of Zion (-7) 1353 | -10/Mines | Met a Derelict bent on vengeance 1492 | -10/Mines | Met a Derelict who couldn't figure out how to use a Trap Extractor 1534 | -10/Mines | Deemed a non-threat by the Exiles lab entrance 1536 | -10/Mines | Discovered new exit (range 5) 1950 | -10/Mines | Build established: Scavenger-Mutant 1957 | -10/Mines | Core integrity fell below 20% 2039 | -10/Mines | Learned Materials stockpile data 2060 | -10/Mines | Discovered new exit (range 3) 2239 | -10/Mines | A weapon hastily lodged in a ceiling crevice suddenly fell to the ground 2247 | -10/Mines | Received a Mining Laser from a helpful Derelict 2281 | -10/Mines | Discovered new exit (range 14) 2309 | -10/Mines | Met a Derelict shopkeep closing up shop 2363 | -10/Mines | Entered Materials 2363 | -9/Materials | Accompanied by 1 ally 2363 | -9/Materials | Evolved 2 slots: Utility x2 2387 | -9/Materials | Central database locked down 2932 | -9/Materials | Discovered new exit (range 16) 2981 | -9/Materials | Discovered new exit (range 7) 3643 | -9/Materials | Core integrity fell below 50% 3684 | -9/Materials | Build established: Mutant 3765 | -9/Materials | Discovered new exit (range 16) 4104 | -9/Materials | Discovered new exit (range 15) 4166 | -9/Materials | Core integrity fell below 20% 4180 | -9/Materials | Discovered new exit (range 15) 4459 | -9/Materials | Build established: Scavenger-Mutant 4519 | -9/Materials | Repaired Imp. Medium Laser 4854 | -9/Materials | Entered Mines 4855 | -9/Mines | Assembled infested the area 4858 | -9/Mines | Build established: Mutant 4860 | -9/Mines | Assisted by a Guerilla fighting off Assembled 5395 | -9/Mines | A Derelict revealed a hidden shortcut to a safe place 5507 | -9/Mines | Learned Materials emergency access door positions 5564 | -9/Mines | Received a Rocket Launcher from a helpful Derelict 5731 | -9/Mines | Discovered new exit (range 15) 5892 | -9/Mines | Learned Materials terminal intel 5949 | -9/Mines | Found a damaged Exp. Sensor Array with a note attached 5953 | -9/Mines | Found Prototype Device 6051 | -9/Mines | Discovered new exit (range 6) 6418 | -9/Mines | Build established: Scavenger-Mutant 6666 | -9/Mines | Entered Materials 6666 | -8/Materials | Evolved 2 slots: Propulsion x2 6668 | -8/Materials | Loaded intel: 12 terminal locations 6726 | -8/Materials | Garrison activated, responded to threat 6958 | -8/Materials | Core integrity fell below 50% 7008 | -8/Materials | Lost 11 parts (1p6n3u1w) 7124 | -8/Materials | Core integrity fell below 20% 7239 | -8/Materials | Build established: Mutant 7271 | -8/Materials | Discovered new exit (range 11) 7550 | -8/Materials | Identified exit to Factory 7561 | -8/Materials | Identified Exp. Sensor Array 7564 | -8/Materials | Entered Factory 7564 | -7/Factory | Evolved 2 slots: Propulsion x1, Utility x1 7584 | -7/Factory | Discovered new exit (range 12) 7666 | -7/Factory | Sucked down chute 7666 | -7/Factory | Entered Waste 7667 | -7/Waste | Met a frightened Derelict 7670 | -7/Waste | Spotted C-40 Crusher 7675 | -7/Waste | Spotted C-40 Crusher 7679 | -7/Waste | Spotted C-40 Crusher 7681 | -7/Waste | EMP discharged 7681 | -7/Waste | Spotted C-40 Crusher 7685 | -7/Waste | Spotted C-40 Crusher 7693 | -7/Waste | Spotted C-40 Crusher 7696 | -7/Waste | Discovered new exit (range 10) 7700 | -7/Waste | Identified exit to Factory 7703 | -7/Waste | Found Prototype Device 7704 | -7/Waste | Entered Factory 7861 | -7/Factory | Build established: Scavenger-Scout 8110 | -7/Factory | Discovered new exit (range 15) 8160 | -7/Factory | Garrison activated, responded to threat 8283 | -7/Factory | Identified Exp. ECM Suite 8326 | -7/Factory | Identified exit to Factory 8326 | -7/Factory | Entered another Factory area 8326 | -6/Factory | Evolved 2 slots: Utility x2 8508 | -6/Factory | Discovered new exit (range 19) 8576 | -6/Factory | Discovered new exit (range 3) 8577 | -6/Factory | Identified exit to Extension 8647 | -6/Factory | Build established: Scout 8652 | -6/Factory | Found Hvy. Reflective Plating 8663 | -6/Factory | Discovered new exit (range 11) 8668 | -6/Factory | Identified exit to Factory 8747 | -6/Factory | Entered Extension 8769 | -6/Extension | Rescued a captive Derelict 8811 | -6/Extension | Rescued a captive Derelict 8943 | -6/Extension | Rescued a captive Derelict 9210 | -6/Extension | Spotted B-75 Beast 9210 | -6/Extension | Spotted B-75 Beast 9216 | -6/Extension | Destroyed B-75 Beast 9245 | -6/Extension | Lost 7 allies 9541 | -6/Extension | Destroyed B-75 Beast 9570 | -6/Extension | Lost 3 parts (2n1u) 9675 | -6/Extension | Rescued a captive Derelict 9798 | -6/Extension | Build established: Hacker-Mutant 9957 | -6/Extension | Rescued A7 9977 | -6/Extension | Rescued a captive Derelict 9978 | -6/Extension | Rescued a captive Derelict 10002 | -6/Extension | Rescued a captive Derelict 10003 | -6/Extension | Rescued a captive Derelict 10127 | -6/Extension | Discovered exit to Factory (range 10) 10128 | -6/Extension | Discovered new exit (range 6) 10161 | -6/Extension | Identified exit to Cetus 10172 | -6/Extension | Entered Cetus 10172 | -6/Cetus | Accompanied by 12 allies (A7) 10177 | -6/Cetus | Acquired a Cetus Manufacturing Module code from A7 10190 | -6/Cetus | Spotted Cetus Guard 10191 | -6/Cetus | Spotted Cetus Guard 10193 | -6/Cetus | Spotted Cetus Guard 10196 | -6/Cetus | Spotted Cetus Guard 10201 | -6/Cetus | Allies destroyed Cetus Guard 10215 | -6/Cetus | Allies destroyed Cetus Guard 10217 | -6/Cetus | Allies destroyed Cetus Guard 10220 | -6/Cetus | Allies destroyed Cetus Guard 10231 | -6/Cetus | Build established: Commander-Mutant 10257 | -6/Cetus | Cetus Manufacturing Module disabled 10288 | -6/Cetus | Discovered new exit (range 22) 10346 | -6/Cetus | Spotted Cetus Guard 10346 | -6/Cetus | Spotted Cetus Guard 10347 | -6/Cetus | Spotted Cetus Guard 10349 | -6/Cetus | Spotted Cetus Guard 10357 | -6/Cetus | Allies destroyed Cetus Guard 10360 | -6/Cetus | Allies destroyed Cetus Guard 10368 | -6/Cetus | Allies destroyed Cetus Guard 10370 | -6/Cetus | Allies destroyed Cetus Guard 10375 | -6/Cetus | Discovered exit to Factory (range 21) 10388 | -6/Cetus | Met Revision 17 10434 | -6/Cetus | Identified exit to Archives 10539 | -6/Cetus | Entered Archives 10539 | -6/Archives | Accompanied by 9 allies (A7) 10697 | -6/Archives | Discovered new exit (range 22) 10702 | -6/Archives | Discovered exit to Factory (range 20) 10723 | -6/Archives | Discovered new exit (range 16) 10806 | -6/Archives | System corruption reached 10% 11087 | -6/Archives | Build established: Scavenger-Mutant 11293 | -6/Archives | Identified exit to Hub_04(d) 11323 | -6/Archives | Entered Hub_04(d) 11323 | -6/Hub_04(d) | Accompanied by 8 allies 11400 | -6/Hub_04(d) | Discovered exit to Factory (range 18) 11402 | -6/Hub_04(d) | Lost 5 allies 11473 | -6/Hub_04(d) | Discovered exit to Factory (range 7) 11669 | -6/Hub_04(d) | Network Hub disabled 11672 | -6/Hub_04(d) | Entered Factory 11672 | -5/Factory | Evolved 2 slots: Propulsion x1, Utility x1 11706 | -5/Factory | Build established: Scavenger-Scout 11719 | -5/Factory | Discovered new exit (range 6) 11721 | -5/Factory | Identified exit to Upper Caves 11982 | -5/Factory | Fabricated Weapon Mount? 12107 | -5/Factory | Manually triggered Chute Trap 12107 | -5/Factory | Sucked down chute 12107 | -5/Factory | Entered Waste 12109 | -5/Waste | Build established: Hacker-Mutant 12119 | -5/Waste | Spotted C-40 Crusher 12122 | -5/Waste | EMP discharged 12122 | -5/Waste | System corruption reached 10% 12136 | -5/Waste | Spotted C-40 Crusher 12142 | -5/Waste | Spotted C-40 Crusher 12142 | -5/Waste | Spotted C-40 Crusher 12144 | -5/Waste | Spotted C-40 Crusher 12195 | -5/Waste | Spotted C-40 Crusher 12205 | -5/Waste | Met Warlord forces unprepared to attack 12216 | -5/Waste | Allies destroyed C-40 Crusher 12217 | -5/Waste | Allies destroyed C-40 Crusher 12220 | -5/Waste | Allies destroyed C-40 Crusher 12222 | -5/Waste | EMP discharged 12235 | -5/Waste | Discovered new exit (range 10) 12239 | -5/Waste | Identified exit to Factory 12239 | -5/Waste | Entered Factory 12261 | -5/Factory | Lost 6 allies 12297 | -5/Factory | Watched by a mysterious "MATRIX" hacker. 12793 | -5/Factory | Discovered new exit (range 8) 12795 | -5/Factory | Identified exit to Factory 12814 | -5/Factory | Fabricated Exp. Utility Shielding (x1) 12837 | -5/Factory | Repaired Adv. KE Penetrator? 12901 | -5/Factory | Fabricated Prc. Energy Filter? 13028 | -5/Factory | Entered Upper Caves 13626 | -5/Upper Caves | Discovered new exit (range 12) 13630 | -5/Upper Caves | Learned Factory security intel 13641 | -5/Upper Caves | Identified exit to Upper Caves 13642 | -5/Upper Caves | Entered another Upper Caves area 13693 | -5/Upper Caves | Discovered exit to Factory (range 7) 13739 | -5/Upper Caves | Encountered a Warlord checkpoint 13991 | -5/Upper Caves | Discovered new exit (range 9) 13995 | -5/Upper Caves | Identified exit to Zhirov 14040 | -5/Upper Caves | Entered Zhirov 14040 | -5/Zhirov | Discovered new exit (range 3) 14041 | -5/Zhirov | Identified exit to Proximity Caves 14050 | -5/Zhirov | Met Zhirov 14060 | -5/Zhirov | Learned location of Quarantine (-3) 14060 | -5/Zhirov | Learned location of Testing (-2) 14060 | -5/Zhirov | Learned location of Command (-1) 14062 | -5/Zhirov | Zhirov requested help retrieving the SGEMP Prototype 14069 | -5/Zhirov | Found Alien Artifact 14069 | -5/Zhirov | Identified Integrated Dissipator 14069 | -5/Zhirov | Installed Integrated Dissipator, increased core heat dissipation (+20) 14077 | -5/Zhirov | Found Alien Artifact 14174 | -5/Zhirov | Entered Proximity Caves 14232 | -4/Proximity Caves | Found Alien Artifact 14232 | -4/Proximity Caves | Identified Core Expander 14232 | -4/Proximity Caves | Installed Core Expander, added new Weapon slot 14456 | -4/Proximity Caves | System corruption reached 30% 14734 | -4/Proximity Caves | Lost 4 parts (1p3n) 14744 | -4/Proximity Caves | Discovered exit to Factory (range 10) 14773 | -4/Proximity Caves | Entered Factory 14773 | -4/Factory | Evolved 2 slots: Utility x2 15055 | -4/Factory | Identified Transdimensional Reconstructor 15295 | -4/Factory | Build established: Wizard-Mutant 15505 | -4/Factory | Discovered new exit (range 14) 15525 | -4/Factory | Identified exit to Research 15623 | -4/Factory | Lost 3 parts (2n1w) 15819 | -4/Factory | Fabricated Exp. Utility Shielding? 15852 | -4/Factory | Fabricated Adv. EM Shield? 15888 | -4/Factory | Fabricated Gamma Bomb Array (x1) 15956 | -4/Factory | Identified exit to Upper Caves 16179 | -4/Factory | Entered Upper Caves 16356 | -4/Upper Caves | Discovered new exit (range 2) 16356 | -4/Upper Caves | Identified exit to Upper Caves 16360 | -4/Upper Caves | Entered another Upper Caves area 16365 | -4/Upper Caves | Discovered exit to Research (range 15) 16497 | -4/Upper Caves | Discovered new exit (range 35) 16532 | -4/Upper Caves | Learned location of Armory (-3) 16573 | -4/Upper Caves | Identified exit to Warlord 16574 | -4/Upper Caves | Entered Warlord 16859 | -4/Warlord | Met Warlord 16884 | -4/Warlord | Warlord's base attacked by MAIN.C 17037 | -4/Warlord | Found Prototype Energy Gun 17037 | -4/Warlord | Identified Vortex Rail 17040 | -4/Warlord | Found Vortex Rail 17134 | -4/Warlord | Found Prototype Device 17134 | -4/Warlord | Identified System Purifier 17143 | -4/Warlord | Found Prototype Reactor 17147 | -4/Warlord | Found Prototype Processor 17152 | -4/Warlord | Found Prototype Processor 17234 | -4/Warlord | Warlord forces counterattacked 17326 | -4/Warlord | Lost 13 allies 17408 | -4/Warlord | Lost 20 allies 17559 | -4/Warlord | Warlord base infiltrated, sounded retreat 17597 | -4/Warlord | Lost 4 allies 17687 | -4/Warlord | Spotted Executioner 17737 | -4/Warlord | Discovered new exit (range 12) 17743 | -4/Warlord | Lost 5 allies 17747 | -4/Warlord | Identified exit to Proximity Caves 17766 | -4/Warlord | Entered Proximity Caves 17773 | -3/Proximity Caves | Spotter reported a threat 17875 | -3/Proximity Caves | Spotter reported a threat 17887 | -3/Proximity Caves | Spotter reported a threat 17920 | -3/Proximity Caves | Destroyed 9 combat bots 17923 | -3/Proximity Caves | Learned location of 1 exit from Factory 17923 | -3/Proximity Caves | Learned Research security intel 18882 | -3/Proximity Caves | Discovered exit to Research (range 5) 18892 | -3/Proximity Caves | Entered Research 18892 | -3/Research | Evolved 2 slots: Power x1, Utility x1 18893 | -3/Research | Identified exit to Armory 18934 | -3/Research | Identified exit to Quarantine 18986 | -3/Research | Warped through subspace 19002 | -3/Research | Identified Vortex Chain Reactor 19142 | -3/Research | First assault squad dispatched 19511 | -3/Research | Lost 12 parts (4n4u4w) 19566 | -3/Research | Identified Exp. Targeting Computer 19579 | -3/Research | Core integrity fell below 50% 19579 | -3/Research | System corruption reached 10% 19585 | -3/Research | Identified Exp. Armor Integrity Analyzer 19619 | -3/Research | Lost 10 parts (1p2n4u3w) 19636 | -3/Research | Entered Quarantine 19708 | -3/Quarantine | Found Alien Energy Cannon 19730 | -3/Quarantine | Found Alien Artifact 19808 | -3/Quarantine | Build established: Hacker-Mutant 19881 | -3/Quarantine | Identified Core Cannon 19940 | -3/Quarantine | Core integrity fell below 20% 19975 | -3/Quarantine | Identified exit to Research 20029 | -3/Quarantine | Entered Research 20029 | -2/Research | Warlord forces began assault on 0b10 20029 | -2/Research | Evolved 2 slots: Utility x2 20139 | -2/Research | Research machine network offline 20192 | -2/Research | Met up with Warlord 20317 | -2/Research | Spotted Striker 20333 | -2/Research | Found Prototype Device 20333 | -2/Research | Identified Exp. EM Shield 20433 | -2/Research | Met DD-05H 20441 | -2/Research | Borebot progress halted 20477 | -2/Research | Borebot progress halted 20506 | -2/Research | Build established: Hacker-Gunner 20569 | -2/Research | Borebot progress halted 20825 | -2/Research | Lost 6 parts (3u3w) 20831 | -2/Research | Found Fusion Bomb Launcher 20834 | -2/Research | Found Fusion Bomb Launcher 20836 | -2/Research | Found Fusion Bomb Launcher 20862 | -2/Research | Warlord destroyed during the assault 21197 | -2/Research | Spotted Striker 21201 | -2/Research | Spotted Striker 21254 | -2/Research | Lost 3 allies 21299 | -2/Research | Discovered new exit (range 8) 21310 | -2/Research | Entered Access 21310 | -1/Access | Evolved 2 slots: Propulsion x2 21453 | -1/Access | Identified exit to Surface 21730 | -1/Access | Energy Cycler disabled 22279 | *** | Escaped! Last Messages --------------- 22244_ TF Node disabled. 22244_ Adv. Sensor Array tumbles out of TF Node. 22244_ Adv. Signal Interpreter tumbles out of TF Node. 22245_ W-44 Eye distress signal jammed. 22251_ U-05 Engineer lays Concrete. 22251_ K-01 Serf collects debris. 22251_ U-05 Engineer builds a Wall. 22252_ U-05 Engineer lays Concrete. 22256_ K-01 Serf collects debris. 22258_ U-05 Engineer lays Concrete. 22259_ U-05 Engineer builds a Wall. 22259_ U-05 Engineer lays Concrete. 22260_ K-01 Serf collects debris. 22260_ U-05 Engineer builds a Wall. 22260_ U-05 Engineer lays Concrete. 22260_ U-05 Engineer builds a Wall. 22261_ U-05 Engineer lays Concrete. 22273_ The Access Shell folds into the floor. 22278_ W-44 Eye distress signal jammed. [Achievement: On My Own Terms] Map ----- +----------------------------------------------------+ | ?????????????????????????????????????????????????? | | ?????????????????????????????????????????????????? | | ?????????????????????????????????????????????????? | | ?????????????????????????????????????????????????? | | ?????????????????????????????????????????????????? | | ?????????????????????????????????????????????????? | | ?????????????????????????????????????????????????? | | ?????????????????????????????????????????????????? | | ?????????????????????????????????????????????????? | | ?????????????????????????????????????????????????? | | ?????????????????????????????????????????????????? | | ?????????????????????????????????????????????????? | | ?????????????????????????????????????????????????? | | ?????????????????????????????????????????????????? | | ?????????????????????????????????????????????????? | | ?????????????????????????????????????????????????? | | ?????????????????????????????????????????????????? | | ?????????????????????????????????????????????????? | | ?????????????????????????????????????????????????? | | ?????????????????????????????????????????????????? | | ???????????????????#""""""""""#??????????????????? | | ???????????????????# #??????????????????? | | ???????????????????# #??##########? ????? | | ???????????????????# #??# = =#? ????? | | ???????????????????# "" #??# #? ????? | | ???????????????????# "@ #??# " #? ????? | | ???????????????????# #??# """ ## ##??? | | ???????????????????# #??# """ # #??? | | ???????????????????# #??# " + ???? | | ??????????????????## ##?# # ! #??? | | ??????????????????# #?# ## #???? | | ??????????????????##"" ##?# ## #???? | | ???????????????????#"" #??#####+##### ##### | | ???????????????????#"" #??????# | | ???????????????????#T #??????# | | ???????????????????#"" #??????# | | ???????????????????#"" #??????# #### | | ???????????????????#"" ######## # #? | | ?????????????? w %*# ## | | ?????????????? u [%# | | ??????????????+####################+##### = | | ????????????????????????????????# " | | ????????????????????????????????# # " | | ????????????????????????????????# """"" ## | | ????????????????????????????????# """"" ## # | | ????????????????????????????????# """"" ## # | | ????????????????????????????????# """"" ## # | | ????????????????????????????????# """"" ## #? | | ????????????????????????????????# ? ## #?? | | ????????????????????????????????# ?? #? #??? | +----------------------------------------------------+ Best States ------------- Heat Dissipation 110 Energy Generation 55 Energy Capacity 700 Matter Stores 350 Matter Capacity 350 Sight Range 22 Robot Scan Range 20 Terrain Scan Range 24 Terrain Scan Density 10 Jamming Range 16 Power Amplification 30 Additional Mass Support 16 Armor Coverage 825 Resistance: TH 30 Resistance: EM 50 Power Shielding 90 Utility Shielding 90 Point Defense Rating 240 Evasion (%) 69 Targeting Accuracy 32 Launcher Accuracy 80 Target Analysis 12 Core Analysis 6 Armor Integrity Analysis 50 Recoil Reduction 4 Energy Filtering 75 Offensive Hacking 78 Defensive Hacking 12 Authchip Count 2 Trap Extractor Capacity 6 Item Schematics ----------------- Huge Storage Unit | -10/Materials | Hacked Imp. Sensor Array | -7/Factory | Hacked Weapon Mount | -5/Factory | Hacked Exp. Utility Shielding | -5/Factory | Hacked Prc. Energy Filter | -5/Factory | Hacked Lrn. Terrain Scanner | -5/Factory | Hacked Assault Drone Bay | -5/Zhirov | Free Exp. Heat Sink | -5/Zhirov | Free Exp. Optical Array | -5/Zhirov | Free Imp. Arc Thrower | -5/Zhirov | Free Gamma Bomb Array | -4/Factory | Hacked Imp. Particle Accelerator | -4/Factory | Hacked Exp. Terrain Scan Processor | -4/Factory | Hacked Adv. EM Shield | -4/Factory | Hacked Hvy. Reactive Plating | -4/Factory | Hacked Robot Schematics ------------------ None Fabricated ------------ Weapon Mount | x2 | -5/Factory | Authchip Exp. Utility Shielding | x1 | -5/Factory | Authchip Prc. Energy Filter | x1 | -5/Factory | Authchip Exp. Utility Shielding | x1 | -4/Factory | Authchip Adv. EM Shield | x1 | -4/Factory | Authchip Gamma Bomb Array | x1 | -4/Factory Repaired ---------- Imp. Medium Laser | 44% | -9/Materials Adv. KE Penetrator | 53% | -5/Factory Studied --------- Hover Unit | -9/Materials | Hacked Gravmag System | -7/Factory | Hacked Imp. Hover Unit | -6/Factory | Hacked Gravmag Array | -5/Factory | Hacked Imp. Gravmag System | -5/Factory | Hacked Antigrav System | -5/Factory | Hacked Cmb. Gravmag System | -4/Factory | Hacked Alien Tech Used ----------------- Integrated Dissipator Core Expander Transdimensional Reconstructor Core Cannon Achievements -------------- Doshington Metal Spider On My Own Terms Challenges ------------ None Game ------ Seed FlightFocalMachine Manual? 0 Play Time 04:47:31 Cumulative 506.0 hours Start 2026.03.01 @ 19:28:50 End 2026.03.02 @ 21:45:58 Sessions 9 Manual Loads 0 Difficulty Rogue Special Mode None Game No. 241 Rogue 241 Adventurer 0 Explorer 0 Win Type 0 Total 9 Types 7/0/1/0/0/0/1/0/0/0 Lore% 70 Gallery% 70 Achievement% 49 Wizard Run 0 Options --------- Layout 0 ASCII 0 Keyboard 1 Movement Vi Keybinds 0 Fullscreen 2 Font 18/SmallcapsGlow Map View 76x50 Zoom Use 0% Tactical HUD 1 Map Filters NONE Filters NONE Steam 1 RUN: 20caf13f-e617-4344-9406-985a80513c08